 Dungeon Crawl Stone Soup version 0.23-a0-8-gb809bb7 (webtiles) character file.

317 Amnesiac the Magician (level 6, 0/41 HPs)
             Began as a Mummy Wizard on Aug 1, 2018.
             Was a Follower of Kikubaaqudgha.
             Slain by a big kobold
             ... wielding a +0 club
              (5 damage)
             ... in a sewer.
             The game lasted 00:07:38 (1877 turns).

Amnesiac the Magician (Mummy Wizard)                Turns: 1877, Time: 00:07:39

Health: 0/41       AC:  2    Str: 10    XL:     6   Next: 20%
Magic:  0/15       EV: 12    Int: 19    God:    Kikubaaqudgha [*.....]
Gold:   42         SH:  0    Dex: 11    Spells: 7/18 levels left

rFire    x . .     SeeInvis .   g - +0 mace
rCold    + . .     Gourm    .   (no shield)
rNeg     + + +     Faith    .   a - +0 robe
rPois    ∞         Spirit   .   (no helmet)
rElec    .         Reflect  .   (no cloak)
rCorr    .         Harm     .   (no gloves)
MR       .....                  (no boots)
Stlth    ++........             (no amulet)
HPRegen  0.13/turn              (no ring)
MPRegen  0.14/turn              (no ring)

@: no status effects
A: no food or potions, fire vulnerability, cold resistance 1, negative energy
resistance 3, torment resistance, unbreathing
a: Receive Corpses, Renounce Religion


You were in a sewer.
You worshipped Kikubaaqudgha.
Kikubaaqudgha was aware of your devotion.
You were not hungry.

You visited 1 branch of the dungeon, and saw 3 of its levels.
You also visited: Sewer.

You collected 42 gold pieces.

Inventory:

Hand Weapons
 b - a +0 blowgun
 g - a +0 mace (weapon)
Missiles
 c - 5 poisoned needles
 e - 17 sling bullets
 f - 22 stones (quivered)
Armour
 a - a +0 robe (worn)
Wands
 d - a wand of polymorph (8)
Scrolls
 h - a scroll of teleportation {!r, unknown}
 i - a scroll of fear {!r}


   Skills:
 - Level 1.5 Dodging
 - Level 1.5 Stealth
 - Level 6.5 Spellcasting
 - Level 0.7 Conjurations
 - Level 0.7 Summonings
 * Level 4.4 Necromancy
 - Level 0.7 Translocations


You had 7 spell levels left.
You knew the following spells:

 Your Spells              Type           Power        Failure   Level  Hunger
a - Magic Dart            Conj           #...         8%          1    N/A
b - Call Imp              Summ           #.......     12%         2    N/A
e - Mephitic Cloud        Conj/Pois/Air  #.......     28%         3    N/A
s - Conjure Flame         Conj/Fire      #.......     26%         3    N/A
v - Blink                 Tloc           N/A          12%         2    N/A

Your spell library contained the following spells:

 Spells                   Type           Power        Failure   Level  Hunger
 Slow                     Hex            #.......     16%         2    N/A
 Pain                     Necr           ###.         1%          1    N/A
 Animate Skeleton         Necr           N/A          1%          1    N/A
 Vampiric Draining        Necr           ###.......   5%          3    N/A
 Corpse Rot               Necr           N/A          2%          2    N/A

Dungeon Overview and Level Annotations

Branches:
Dungeon (3/15)

Altars:
Kikubaaqudgha
Okawaru
Zin


Innate Abilities, Weirdness & Mutations

You do not eat or drink.
Your flesh is vulnerable to fire.
You are immune to poison.
Your flesh is cold resistant. (rC+)
You are immune to negative energy. (rN+++)
You are immune to unholy pain and torment.
You can survive without breathing.


Message History

The big kobold splashes around in the water.
The big kobold splashes around in the water.
Your white imp freezes the big kobold.
The big kobold hits your white imp with a club.
The big kobold barely misses you.
Your crimson imp blinks!
Your white imp gestures at the big kobold.
The puff of frost hits the big kobold.
The big kobold barely misses your white imp.
The big kobold splashes around in the water.
You enter the shallow water.
Moving in this stuff is going to be slow.
Your white imp gestures at the big kobold.
The puff of frost misses the big kobold.
The big kobold hits your white imp but does no damage.
Your white imp freezes the big kobold.
The big kobold hits your white imp with a club.
Your white imp freezes the big kobold.
You enter the shallow water.
Moving in this stuff is going to be slow.
The big kobold hits your white imp with a club!
Your white imp gestures at the big kobold.
The puff of frost hits the big kobold.
The big kobold splashes around in the water.
Your white imp gestures at the big kobold.
The puff of frost hits the big kobold.
The big kobold dies!
Kikubaaqudgha accepts your kill.
You can now receive cadavers from Kikubaaqudgha.
You see here Kikubaaqudgha's Catalogue of Stolen Souls.
Kikubaaqudgha grants you a gift!
You hear a splash.
You see here Kikubaaqudgha's Catalogue of Stolen Souls.
You pick up Kikubaaqudgha's Catalogue of Stolen Souls and begin reading...
You add the spells Animate Skeleton, Pain, Corpse Rot and Vampiric Draining to your library.
You enter the shallow water.
Moving in this stuff is going to be slow.
Your crimson imp blinks!
Your crimson imp disappears in a puff of smoke!
You enter the shallow water.
Moving in this stuff is going to be slow.
Your white imp freezes the worm.
The big kobold splashes around in the water.
The worm bites your white imp.
Your white imp dies!
Casting: Call Imp (safe; 12% risk of failure)
Confirm with . or Enter, or press ? or * to list all spells.
A beastly little devil appears in a puff of flame.
Casting: Call Imp (safe; 12% risk of failure)
Confirm with . or Enter, or press ? or * to list all spells.
A beastly little devil appears in a puff of frigid air.
The big kobold hits you with a club.
* * * LOW HITPOINT WARNING * * *
You hit the big kobold but do no damage.
The big kobold barely misses you.
Your white imp gestures at the big kobold.
The puff of frost hits the big kobold.
You hit the big kobold.
The big kobold is moderately wounded.
The big kobold hits you with a club.
* * * LOW HITPOINT WARNING * * *
The big kobold hits you with a club.
You die...
Kikubaaqudgha rasps: "You have failed me!
Welcome... oblivion!"

#≈#≈#≈#≈# #≈#≈#≈#≈# #.≈≈#≈.≈#
#≈≈≈#≈..# ##.###≈## ##≈###.## #≈#
#≈# #)# #)# #≈###≈# #≈###.#
#≈≈≈≈≈# #≈)≈.≈# ##≈.≈## ##≈≈.##
#.≈≈# #.≈≈# #.≈@# #.≈≈# #.5K##
##≈≈≈# #### #.≈.5## ##.≈..#
≈≈≈##### #.≈≈..#####..≈≈≈#
##≈≈≈≈≈########..≈≈w≈≈...≈..#####
≈≈.###≈≈.....####.≈≈.≈w≈≈.####.≈≈
#### #.≈≈≈.≈≈.# ##.≈.≈..≈## #≈.≈≈
≈≈†###≈≈.≈≈.≈≈####≈.≈≈..≈####≈≈≈≈
##.≈≈≈≈####≈≈≈≈##≈≈..≈...≈##.≈≈≈#


You could see a big kobold, a worm, a friendly crimson imp and a friendly white
imp.

Vanquished Creatures
  A big kobold (Sewer)
  Jessica (D:2)
  3 adders
  3 oozes (Sewer)
  2 worms (Sewer)
  2 goblins
  A hobgoblin (D:1)
  2 jackals (D:3)
  2 kobolds (Sewer)
  A ball python (D:1)
  3 bats
  5 rats
26 creatures vanquished.

Vanquished Creatures (collateral kills)
  3 big kobolds (Sewer)
  2 river rats
  An adder (D:3)
  2 worms
  A giant cockroach (D:3)
  A kobold (Sewer)
  A rat (Sewer)
11 creatures vanquished.

Grand Total: 37 creatures vanquished

Notes
Turn   | Place    | Note
-------+----------+-------------------------------------------
     0 | D:1      | Amnesiac the Mummy Wizard began the quest for the Orb.
     0 | D:1      | Reached XP level 1. HP: 13/13 MP: 5/5
   169 | D:2      | Noticed Jessica
   188 | D:2      | Killed Jessica
   188 | D:2      | Reached skill level 5 in Spellcasting
   188 | D:2      | Reached XP level 2. HP: 16/19 MP: 0/8
   188 | D:2      | Reached XP level 3. HP: 21/24 MP: 0/9
   192 | D:2      | Learned a level 2 spell: Blink
   195 | D:2      | Learned a level 2 spell: Call Imp
   199 | D:2      | Learned a level 3 spell: Conjure Flame
   203 | D:2      | Learned a level 3 spell: Mephitic Cloud
   342 | D:2      | Found a glowing silver altar of Zin.
   475 | D:3      | Found an ancient bone altar of Kikubaaqudgha.
   486 | D:3      | Became a worshipper of Kikubaaqudgha
   494 | D:3      | Found an iron altar of Okawaru.
   573 | D:3      | Reached skill level 1 in Necromancy
   643 | D:3      | Found a glowing drain.
   655 | Sewer    | Entered a sewer
   728 | Sewer    | Reached XP level 4. HP: 14/30 MP: 6/11
   905 | Sewer    | Noticed a big kobold
   926 | Sewer    | Killed a big kobold
   926 | Sewer    | Reached skill level 6 in Spellcasting
  1042 | Sewer    | Reached XP level 5. HP: 32/35 MP: 7/13
  1532 | Sewer    | Reached XP level 6. HP: 30/41 MP: 9/15
  1860 | Sewer    | Reached * piety under Kikubaaqudgha
  1860 | Sewer    | Identified Kikubaaqudgha's Catalogue of Stolen Souls (Kikubaaqudgha gifted it to you in a sewer)
  1860 | Sewer    | Received a gift from Kikubaaqudgha
  1877 | Sewer    | Slain by a big kobold

Vault maps used:
D:1:      sevenhm_arrival_forest_fort_small_5, minmay_distorted
D:2:      lemuel_doored_altar, uniq_jessica
D:3:      okawaru_trees_1, overflow_temple_1_default, portal_sewer_entry_b,
          first_ration, ebering_ghost_inner_flame, solitary_fountain
Sewer:    sewer_co_tree

Skill      XL: |  1  2  3  4  5 |
---------------+----------------+-----
Spellcasting   | 5 6 |  6.5
Necromancy     | 1 2 4 |  4.4
Dodging        | |  1.5
Stealth        | |  1.5
Conjurations   | |  0.7
Summonings     | |  0.7
Translocations | |  0.7

Action                   |  1- 3 |  4- 6 || total
-------------------------+-------+-------++-------
Melee: Unarmed           |     5 |       ||     5
       Mace              |    14 |    46 ||    60
 Cast: Magic Dart        |    40 |    46 ||    86
       Call Imp          |     7 |    13 ||    20
       Mephitic Cloud    |       |     5 ||     5
       Conjure Flame     |       |     3 ||     3
  Use: Scroll            |       |     2 ||     2
 Stab: Distracted        |       |     1 ||     1
       Confused          |       |     1 ||     1
Armor: Robe              |     4 |     6 ||    10
Dodge: Dodged            |    20 |    43 ||    63

Table legend:
 A = Spawn XP
 B = Non-spawn XP
 C = Spawn XP percentage of total XP
 D = Spawn monster count
 E = Non-spawn monster count
 F = Spawn count percentage of total count
 G = Total turns spent on level
                    A         B        C        D         E        F      G
               +---------+---------+-------+---------+---------+-------+---------
         Total |       0 |     453 |   0.0 |       0 |      37 |   0.0 |  1877
               +---------+---------+-------+---------+---------+-------+---------
           D:1 |       0 |       6 |   0.0 |       0 |       5 |   0.0 |   131
           D:2 |       0 |      55 |   0.0 |       0 |       5 |   0.0 |   321
           D:3 |       0 |      32 |   0.0 |       0 |       8 |   0.0 |   203
         Sewer |       0 |     360 |   0.0 |       0 |      19 |   0.0 |  1222
               +---------+---------+-------+---------+---------+-------+---------
